 Dungeon Crawl Stone Soup version 0.30-a0-782-ge64f9170bb (webtiles) character file.

Game seed: 1736453179185112227

41 senseless the Grave Robber (level 3, -2/24 HPs)
             Began as a Mummy Necromancer on Mar 2, 2023.
             Was a Believer of Vehumet.
             Slain by Sigmund
             ... wielding a +0 scythe
              (6 damage)
             ... on level 2 of the Dungeon.
             The game lasted 00:05:46 (1511 turns).

senseless the Grave Robber (Mummy Necromancer)      Turns: 1511, Time: 00:05:47

Health: -2/24      AC:  2    Str: 11    XL:     3   Next: 32%
Magic:  7/7        EV: 12    Int: 16    God:    Vehumet [**....]
Gold:   31         SH:  0    Dex: 17    Spells: 7/8 levels left

rFire   x . .      SeeInvis .    e - +4 whip "Louphageo" {heavy, Fragile Will+ Dex+5}
rCold   + . .      Faith    +    (no shield)
rNeg    + + +      Spirit   .    a - +0 robe
rPois   ∞          Reflect  .    (no helmet)
rElec   .          Harm     .    (no cloak)
rCorr   .          Rampage  .    (no gloves)
Will    ++...                    (no boots)
Stlth   ++                       (no amulet)
HPRegen 0.24/turn                f - ring of willpower
MPRegen 0.10/turn                (no ring)

@: no status effects
A: cold resistance 1, negative energy resistance 3, torment resistance 2, heat
vulnerability 1, in touch with death 1, no potions, faith
a: Renounce Religion


You were on level 2 of the Dungeon.
You worshipped Vehumet.
Vehumet was pleased with you.
You visited 1 branch of the dungeon, and saw 2 of its levels.

You collected 31 gold pieces.

Inventory:

Hand Weapons
 b - a +2 sling of flaming
 d - a +0 dagger
 e - the +4 whip "Louphageo" (weapon) {heavy, Fragile Will+ Dex+5}
   (You found it on level 2 of the Dungeon)

   Dex:       It affects your dexterity (+5).
   Fragile:   It will be destroyed if unequipped.
   Will:      It increases your willpower.
Armour
 a - a +0 robe (worn)
Jewellery
 f - a ring of willpower (left hand)
Scrolls
 c - a scroll of amnesia {unknown}


   Skills:
 + Level 1.6 Dodging
 + Level 1.9 Stealth
 + Level 3.1 Spellcasting
 + Level 4.8 Necromancy


You had 7 spell levels left.
You knew the following spells:

 Your Spells              Type           Power      Damage    Failure   Level
a - Necrotise             Necr           100%       1d9       2%          1

Your spell library contained the following spells:

 Spells                   Type           Power      Damage    Failure   Level
 Static Discharge         Conj/Air       4%         2-3/arc   28%         2
 Vampiric Draining        Necr           26%        2d7       8%          3
 Animate Dead             Necr           26%        N/A       26%         4
 Agony                    Necr           26%        N/A       56%         5


Dungeon Overview and Level Annotations

Branches:
Dungeon (2/15)

Altars:
Vehumet

Annotations:
D:2 Sigmund


Innate Abilities, Weirdness & Mutations

You are immune to poison.
Your flesh is cold resistant. (rC+)
You are immune to negative energy. (rN+++)
You are immune to unholy pain and torment.
You are vulnerable to heat. (rF-)
You are in touch with the powers of death.
You do not drink.
You have a special connection with the divine. (Faith)


Message History

Sigmund zaps a wand.
Some rock shatters into small pieces.
Your goblin skeleton hits Sigmund.
Found a scroll labelled TOARIE HENUMIZ.
Sigmund mumbles some strange words.
Sigmund flickers and vanishes!
Deactivating autopickup; reactivate with Ctrl-A.
Found a yellow potion.
You hear a zap.
Some rock shatters into small pieces.
Found a scroll of teleportation.
You see here a scroll labelled TOARIE HENUMIZ.
You see here a yellow potion.
A kobold comes into view. It is wielding a +0 club.
You can't see any susceptible monsters within range! (Use Z to cast anyway.)
You feel a surge of power!
The kobold shouts!
The kobold writhes in agony.
You kill the kobold!
Vehumet accepts your kill.
You feel your power returning.
The dead are walking!
A magic dart appears from out of thin air!
The magic dart hits you!
Casting: Necrotise (safe; 2% risk of failure)
Confirm with . or Enter, or press ? or * to list all spells.
You can't see any susceptible monsters within range! (Use Z to cast anyway.)
You hear some strange, mumbled words.
Something tries to affect you, but you resist.
Something hits you.
You closely miss something. Your punch misses something.
Something hits you but does no damage.
You barely miss something. Something hits you.
You completely miss something.
Sigmund appears from thin air!
Reactivating autopickup.
Sigmund casts a spell at you. You resist with almost no effort.
Sigmund hits you with a +0 scythe!
* * * LOW HITPOINT WARNING * * *
You whack Sigmund!
Sigmund is heavily wounded.
Your kobold skeleton hits Sigmund.
Sigmund hits you with a +0 scythe.
You die...

### #.##..#.#.##.##.# #.+
#.####.##..#.#.##.##.# #.#
#.......#..#.#.#..##.# #.#
#.####..#..#.#....##.# #.#
####.#?##..#......#..##.# #.#
.......##.....#..##..##.# #.#
.....................##.#####.###
...!...........@Z......>.........
.......##.#####.@#......)........
####.#.##.# #..#....#.#####.#.# #
#.#.##.# #........... #.#.# .
#.#.##.. ...#.#.#..### #.#.# .
#.#.#### #####.#.#..# #.#.# .
#.#.# #.#.#..# ....# . #.#.#
#.#.#..# #.#.# . #.#.. ..... .
!#.#


You could see Sigmund (ally target) and a friendly kobold skeleton.

Vanquished Creatures
  A dart slug (D:2)
  2 ball pythons (D:1)
  6 bats (D:1)
  An endoplasm (D:1)
  3 giant cockroaches
  3 goblins
  3 hobgoblins (D:2)
  6 kobolds
  2 quokkas (D:1)
  4 rats
31 creatures vanquished.

Vanquished Creatures (collateral kills)
  3 frilled lizards
  A rat (D:1)
4 creatures vanquished.

Grand Total: 35 creatures vanquished

Notes
Turn   | Place    | Note
-------+----------+-------------------------------------------
     0 | D:1      | senseless the Mummy Necromancer began the quest for the
                  | Orb.
     0 | D:1      | Reached XP level 1. HP: 13/13 MP: 4/4
    41 | D:1      | Found a faded altar of an unknown god.
    92 | D:1      | Prayed at the altar of an unknown god.
    92 | D:1      | Became a worshipper of Vehumet
    92 | D:1      | Reached * piety under Vehumet
    92 | D:1      | Offered knowledge of Magic Dart by Vehumet.
   413 | D:1      | Reached XP level 2. HP: 19/19 MP: 2/5
   716 | D:1      | Offered knowledge of Static Discharge by Vehumet.
   826 | D:1      | Reached ** piety under Vehumet
  1206 | D:1      | Identified a scroll of acquirement
  1206 | D:1      | Acquired a +2 sling of flaming
  1263 | D:2      | Gained mutation: You are in touch with the powers of death.
                  | [Mummy growth]
  1263 | D:2      | Reached XP level 3. HP: 24/24 MP: 7/7
  1309 | D:2      | Identified the +4 whip "Louphageo" {heavy, Fragile Will+
                  | Dex+5}
  1442 | D:2      | Noticed Sigmund
  1511 | D:2      | Slain by Sigmund

Illustrated notes

Levels and vault maps discovered:
D:1:      wander_arrival_desolate, layout_basic,
          hellmonk_ecumenical_altar_run_dry, minivault_14
D:2:      minmay_chambers_of_ones, layout_basic, basic_altar, uniq_sigmund

Skill      XL: |  1  2 |
---------------+-------+-----
Spellcasting   | 3 |  3.1
Dodging        | |  1.6
Stealth        | |  1.9
Necromancy     | |  4.8

Action                     || total
---------------------------++-------
  Melee: Dagger            ||     6
         Whip              ||     4
   Fire: Sling             ||     5
   Cast: Necrotise         ||    47
    Use: Scroll            ||     3
 Armour: Robe              ||     4
  Dodge: Dodged            ||     9

Table legend: (Time is in decaauts)
 A = Elapsed time spent in this place.
 B = Non-inter-level travel time spent in this place.
 C = Inter-level travel time spent in this place.
 D = Time resting spent in this place.
 E = Time spent auto-exploring this place.
 F = Levels seen in this place.
 G = Mean time per level.
                   A        B        C        D        E       F      G
               +--------+--------+--------+--------+--------+-----+--------+
         Total |   1513 |   1423 |     90 |      3 |   1211 |   2 |  756.5 |
       Dungeon |   1513 |   1423 |     90 |      3 |   1211 |   2 |  756.5 |
               +--------+--------+--------+--------+--------+-----+--------+

Top non-repeatable levels by time:
     D:1: 1241 daAuts
     D:2: 271 daAuts
